 Dungeon Crawl Stone Soup version 0.25.1-2-g60ff931df9 (webtiles) character file.

Game seed: 11677782933188487674

249 Kaliet the Archer (level 5, -3/45 HPs)
             Began as a Centaur Hunter on Nov 8, 2020.
             Was an Initiate of the Shining One.
             Slain by an orc
             ... wielding a +0 flail
              (6 damage)
             ... on level 4 of the Dungeon.
             The game lasted 00:25:36 (3121 turns).

Kaliet the Archer (Centaur Hunter)                  Turns: 3121, Time: 00:25:38

Health: -3/45      AC:  6    Str: 15    XL:     5   Next: 86%
Magic:  0/5        EV:  9    Int: 10    God:    the Shining One [......]
Gold:   94         SH:  0    Dex: 10    Spells: 4/4 levels left

rFire    . . .     SeeInvis +   b - +0 short sword
rCold    . . .     Gourm    .   (no shield)
rNeg     . . .     Faith    .   c - +1 leather armour
rPois    .         Spirit   +   (no helmet)
rElec    .         Reflect  .   (no cloak)
rCorr    .         Harm     .   i - +0 pair of gloves (curse)
MR       .....                  (no barding)
Stlth    +.........             g - amulet of guardian spirit
HPRegen  0.15/turn              j - ring of see invisible
MPRegen  0.09/turn              (no ring)

@: glowing, very quick
A: large, hooves 3, deformed body, speed 2, tough skin 3
a: Renounce Religion


You were on level 4 of the Dungeon.
You worshipped the Shining One.
The Shining One was noncommittal.
You were not hungry.

You visited 1 branch of the dungeon, and saw 4 of its levels.

You collected 94 gold pieces.

Inventory:

Hand Weapons
 a - a +1 shortbow
 b - a +0 short sword (weapon)
 e - a +1 hand axe of freezing
 h - a +0 whip of venom
Missiles
 d - 11 arrows
Armour
 c - a +1 leather armour (worn)
 i - a cursed +0 pair of gloves (worn)
Jewellery
 g - an amulet of guardian spirit (around neck)
 j - a ring of see invisible (left hand)
 k - an uncursed amulet of the acrobat
Scrolls
 l - 3 scrolls of identify
Comestibles
 f - 7 rations


   Skills:
 + Level 3.2 Fighting
 + Level 0.3 Short Blades
 + Level 8.0 Bows
 + Level 1.1 Armour
 + Level 1.9 Dodging
 + Level 0.6 Stealth


You had 4 spell levels left.
You didn't know any spells.
Your spell library was empty.

Dungeon Overview and Level Annotations

Branches:
Dungeon (4/15)
 Temple: D:4-7

Altars:
Elyvilon
Nemelex Xobeh
Wu Jian
Zin
The Shining One


Innate Abilities, Weirdness & Mutations

You have hooves in place of feet.
Armour fits poorly on your strangely shaped body.
You cover ground very quickly.
You have extremely tough skin. (AC +3)


Message History

The orc barely misses you.
The orc wizard hits you but does no damage.
You barely miss the orc wizard. You kick the orc wizard!
The orc wizard is severely wounded.
The orc hits you with a +0 flail.
The orc wizard hits you but does no damage.
You hit the orc wizard but do no damage.
The orc wizard is severely wounded.
The orc hits you with a +0 flail!
* * * LOW HITPOINT WARNING * * *
The orc wizard casts a spell at you. The magic dart hits you.
* * * LOW HITPOINT WARNING * * *
You hit the orc wizard but do no damage.
Your kick misses the orc wizard.
The orc wizard is severely wounded.
The orc wizard hits you with a +0 dagger.
* * * LOW HITPOINT WARNING * * *
The orc hits you with a +0 flail!
You die...

#......... ..
.###########.........
.......................
...$ #.....".......(..
....##>.....).....##
..........(...[><.#
.......$...........#
.............##...##
.....(.@o[?..######
....##..o....# .
######+##


You could see an orc wizard and an orc.

Vanquished Creatures
  An ogre (D:4)
  A worker ant (D:4)
  6 adders
  2 worms
  2 dart slugs
  A leopard gecko (D:3)
  2 orcs
  3 giant cockroaches
  9 goblins
  9 hobgoblins
  6 jackals (D:1)
  4 kobolds
  A quokka (D:2)
  2 ball pythons
  10 bats
  7 frilled lizards
  A jackal skeleton (D:4)
  10 rats
77 creatures vanquished.

Notes
Turn   | Place    | Note
-------+----------+-------------------------------------------
     0 | D:1      | Kaliet the Centaur Hunter began the quest for the Orb.
     0 | D:1      | Reached XP level 1. HP: 17/17 MP: 1/1
   188 | D:1      | Reached XP level 2. HP: 24/24 MP: 2/2
   427 | D:1      | Reached skill level 6 in Bows
   676 | D:1      | Reached XP level 3. HP: 29/29 MP: 3/3
  1413 | D:2      | Reached skill level 7 in Bows
  1413 | D:2      | Reached XP level 4. HP: 36/36 MP: 4/4
  2201 | D:3      | Found a white marble altar of Elyvilon.
  2267 | D:3      | Found a glowing silver altar of Zin.
  2267 | D:3      | Found a sparkling altar of Nemelex Xobeh.
  2269 | D:3      | Found a glowing golden altar of the Shining One.
  2306 | D:3      | Became a worshipper of the Shining One
  2555 | D:3      | Found an ornate altar of the Wu Jian Council.
  2763 | D:3      | Reached XP level 5. HP: 27/42 MP: 2/5
  2915 | D:4      | Noticed an ogre
  2932 | D:4      | Killed an ogre
  2932 | D:4      | Reached skill level 8 in Bows
  2932 | D:4      | Reached skill level 1 in Armour
  3121 | D:4      | Slain by an orc

Illustrated notes

Levels and vault maps discovered:
D:1:      evilmike_arrival_plus, layout_loops_ring, minmay_split_cup_small
D:2:      layout_loops_ring, fedhas_altar_4, grunt_ministairs_1
D:3:      layout_loops_ring, overflow_temple_1_default, lemuel_round_altar,
          grunt_temple_overflow_open
D:4:      layout_gridville, minmay_temple_entry_wispy, first_ration

Skill      XL: |  1  2  3  4  5 |
---------------+----------------+-----
Bows           | 6 7 8 |  8.0
Fighting       | 3 |  3.2
Armour         | 1 |  1.1
Short Blades   | |  0.3
Dodging        | |  1.9
Stealth        | |  0.6

Action                   |  1- 3 |  4- 6 || total
-------------------------+-------+-------++-------
Melee: Kick              |       |     5 ||     5
       Hand axe          |       |     1 ||     1
       Short sword       |       |    22 ||    22
 Fire: Shortbow          |    88 |   107 ||   195
  Use: Scroll            |     5 |     2 ||     7
       Potion            |     3 |       ||     3
  Eat: Ration            |       |     2 ||     2
Armor: Leather armour    |    16 |    33 ||    49
Dodge: Dodged            |    12 |    43 ||    55
